Map: Fracture LE

Players

JackO

  • Race: Protoss Protoss
  • Spawn Location: 5:00

Frontstab - Winner!

  • Race: Protoss Protoss
  • Spawn Location: 11:00

Event: WCS Montreal 2018

VOD

Have the link to the VOD?

Description

Time

  • Played on: Sept. 7, 2018, 1:12 p.m.
  • Length: 2:33

All games in this series

Show
View Real Time Build Order
Export as new Build Order

JackO Protoss 

Build Orders:  

Get SALT Encoding   

  12  0:00  Probe  
  13  0:13  Probe  
  14  0:17  Pylon  
  14  0:25  Probe  
  15  0:35  Gateway, Probe  
  16  0:43  Probe  
  17  0:52  Probe  
  18  1:04  Probe  
  19  1:16  Probe, Forge  
  20  1:27  Zealot  
  20  1:28  Probe  
  23  1:48  Pylon  
Show
View Real Time Build Order
Export as new Build Order

Frontstab Protoss - Winner!

Build Orders:  

Get SALT Encoding   

  1  0:00  Probe  
  12  0:05  Probe  
  14  0:17  Pylon  
  14  0:21  Probe  
  15  0:35  Forge  
  15  0:37  Probe  
  16  0:58  Pylon  
  16  1:16  Pylon  
  16  1:17  Pylon  
  16  1:19  Pylon  
  16  1:34  Photon Cannon  
  16  1:36  Photon Cannon  
  16  1:42  Probe  
  17  1:51  Gateway  
  17  1:54  Probe  
  18  2:03  Pylon  
  18  2:06  Probe  
  19  2:14  Assimilator  
  19  2:18  Pylon  
  19  2:21  Probe  
Tags
 
Matchup
PvP
Player
JackO
Spawn Locations
Cross Positions
Add a new tag
Caveats
  • Supply blocks, unpowered buildings, or Contaminate may cause inaccurate times.
  • Supply counts are checked every 10 seconds.